 Dungeon Crawl Stone Soup version 0.27.1 (webtiles) character file.

Game seed: 5090055751707797904

60 MacCMillion the Ruffian (level 3, 36/36 HPs)
             Began as a Troll Monk on Aug 30, 2021.
             Quit the game on level 2 of the Dungeon.
             The game lasted 00:01:51 (916 turns).

MacCMillion the Ruffian (Troll Monk)                 Turns: 916, Time: 00:01:52

Health: 36/36      AC:  4    Str: 19    XL:     3   Next: 82%
Magic:  2/2        EV: 10    Int:  7    God:
Gold:   50         SH:  0    Dex: 12    Spells: 2/2 levels left

rFire    . . .     SeeInvis .     - Unarmed
rCold    . . .     Faith    .   (no shield)
rNeg     . . .     Spirit   .   a - +0 robe
rPois    .         Reflect  .   (helmet restricted)
rElec    .         Harm     .   (no cloak)
rCorr    .         Rampage  .   (gloves unavailable)
Will     .....                  (boots unavailable)
Stlth    ++........             (no amulet)
HPRegen  1.12/turn              (no ring)
MPRegen  0.08/turn              (no ring)

@: no status effects
A: large, unfitting armour, claws 3, regeneration 1, shaggy fur 1, tough skin 1
a: no special abilities


You were on level 2 of the Dungeon.
You visited 1 branch of the dungeon, and saw 2 of its levels.

You collected 50 gold pieces.

Inventory:

Armour
 a - a +0 robe (worn)
Scrolls
 c - a scroll of magic mapping {unknown}
 d - 2 scrolls of identify {unknown}
 e - a scroll of fear {unknown}
Potions
 b - a potion of heal wounds {unknown}
 f - a potion of berserk rage {unknown}


   Skills:
 - Level 2.5 Fighting
 - Level 2.5 Dodging
 - Level 1.0 Stealth
 * Level 4.6 Unarmed Combat


You had 2 spell levels left.
You didn't know any spells.
Your spell library contained the following spells:

 Spells                   Type           Power      Damage    Failure   Level
 Corona                   Hex            0%         N/A       43%         1
 Ensorcelled Hibernation  Hex/Ice        0%         N/A       56%         2
 Tukima's Dance           Hex            0%         N/A       80%         3


Dungeon Overview and Level Annotations

Branches:
Dungeon (2/15)

Altars:


Innate Abilities, Weirdness & Mutations

You are too large for most types of armour.
You have claws for hands.
Your natural rate of healing is unusually fast.
You are covered in fur. (AC +1)
You have tough skin. (AC +1)


Message History

The hobgoblin is moderately wounded.
The hobgoblin hits you.
You claw the hobgoblin!
You kill the hobgoblin!
No target in view!
No target in view!
Found a stone staircase leading up.
You now have 50 gold pieces (gained 2).
You see here a hobgoblin corpse.
You see here a hobgoblin corpse.
f - a silvery potion
Found a stone staircase leading down.
Found a scroll labelled NIFYHOZOY.
d - 2 scrolls labelled NIFYHOZOY (gained 1)
Found a stone staircase leading down.
There is a stone staircase leading down here.
Found a robe.
You see here a +0 robe.
A rat comes into view.
A rat is nearby!
A rat is nearby!
You closely miss the rat. The rat bites you.
You scratch the rat.
You kill the rat!
No target in view!
No target in view!
A worm comes into view.
A worm is nearby!
You scratch the worm but do no damage. You claw the worm!
The worm is heavily wounded.
The worm bites you but does no damage.
You scratch the worm.
The worm is almost dead.
You scratch the worm.
The worm is almost dead.
The worm bites you.
You claw the worm!
You kill the worm!
Are you sure you want to abandon this character and quit the game? (Confirm with "yes".)

## ### .. #..
.## #.# ...#
.. #.# # #...
#..## #.#
#.##†#.#..
... ##.#####
.#
#.#@##.#....#
.......#..#
#...........
###..#.#...
###.##.##..
....#......
##.#.#.#
##.##......
##...#
....#....##
##.##
###..#####
#.#
.##......#
#[#
.###.###.#
#.#


There were no monsters in sight!

Vanquished Creatures
  An iguana (D:2)
  An adder (D:2)
  A worm (D:2)
  3 bats (D:1)
  2 endoplasms (D:1)
  3 goblins
  2 hobgoblins (D:2)
  4 kobolds
  3 frilled lizards
  A rat (D:2)
21 creatures vanquished.

Vanquished Creatures (others)
  An elf (D:1)
  A vine stalker (D:1)
  A merfolk (D:1)
  3 spriggans (D:1)
  A formicid (D:1)
  2 demigods (D:1)
  A dwarf (D:1)
  An ogre (D:1)
  A kobold (D:1)
  22 tentacles (D:1)
34 creatures vanquished.

Grand Total: 55 creatures vanquished

Notes
Turn   | Place    | Note
-------+----------+-------------------------------------------
     0 | D:1      | MacCMillion the Troll Monk began the quest for the Orb.
     0 | D:1      | Reached XP level 1. HP: 22/22 MP: 0/0
     0 | D:1      | Noticed a formicid
     0 | D:1      | Noticed a spriggan
     0 | D:1      | Noticed a demigod
     0 | D:1      | Noticed an ogre
     0 | D:1      | Noticed a vine stalker
     0 | D:1      | Noticed a spriggan
     0 | D:1      | Noticed a kraken
     0 | D:1      | Noticed a merfolk
     0 | D:1      | Noticed a spriggan
     0 | D:1      | Noticed a demigod
     0 | D:1      | Noticed an elf
     0 | D:1      | Noticed a dwarf
     5 | D:1      | Killed a spriggan
     8 | D:1      | Killed an ogre
    10 | D:1      | Killed a merfolk
    12 | D:1      | Killed an elf
    15 | D:1      | Killed a formicid
    16 | D:1      | Killed a spriggan
    18 | D:1      | Killed a spriggan
    22 | D:1      | Killed a demigod
    27 | D:1      | Killed a vine stalker
    28 | D:1      | Killed a dwarf
    31 | D:1      | Killed a demigod
   240 | D:1      | Reached XP level 2. HP: 29/29 MP: 1/1
   249 | D:1      | Found a faded altar of an unknown god.
   775 | D:2      | Reached skill level 4 in Unarmed Combat
   795 | D:2      | Reached XP level 3. HP: 28/36 MP: 2/2
   916 | D:2      | Quit the game

Illustrated notes

Levels and vault maps discovered:
D:1:      nicolae_arrival_kraken_aquarium_a, layout_basic,
          hellmonk_ecumenical_altar_inner_sanctum
D:2:      layout_loops_ring

Skill      XL: |  1  2 |
---------------+-------+-----
Unarmed Combat | 4 |  4.6
Fighting       | |  2.5
Dodging        | |  2.5
Stealth        | |  1.0

Action                   || total
-------------------------++-------
Melee: Unarmed           ||    56
       Punch             ||     1
 Stab: Sleeping          ||     3
Armor: Robe              ||    18
Dodge: Dodged            ||    16
